 Dungeon Crawl Stone Soup version 0.20-a0-1040-gfd09691 (console) character file.

204 skyler the Grasshopper (level 5, -3/28 HPs)
             Began as a Vine Stalker Fighter on Apr 24, 2017.
             Killed by divine providence
             ... invoked by an orc priest
              (8 damage)
             ... on level 3 of the Dungeon.
             The game lasted 00:08:32 (2243 turns).

skyler the Grasshopper (Vine Stalker Fighter)       Turns: 2243, Time: 00:08:33

Health: -3/28      AC:  3    Str: 20    XL:     5   Next: 82%
Magic:  0/10       EV:  8    Int:  8    God:
Gold:   190        SH:  9    Dex: 13    Spells: 7/9 levels left

rFire    . . .     SeeInvis .   t - +1 short sword (drain)
rCold    . . .     Gourm    .   c - +0 shield
rNeg     . . .     Faith    .   x - +0 leather armour
rPois    .         Spirit   +   (no helmet)
rElec    .         Reflect  .   (no cloak)
rCorr    .         Harm     .   (no gloves)
MR       +....                  (no boots)
Stlth    +.........             (no amulet)
Regen    0.5/turn               m - ring of protection from magic
MPRegen  0.2/turn               w - ring of wizardry

@: slowed, very slow
A: fangs 2, regeneration 1, magic shield, antimagic bite, no potion heal 3, rot
immunity
a: no special abilities


You were on level 3 of the Dungeon.
You were hungry.

You visited 1 branch of the dungeon, and saw 4 of its levels.

You collected 190 gold pieces.

Inventory:

Hand Weapons
 a - a +0 rapier
 t - a +1 short sword of draining (weapon)
Armour
 c - a +0 shield (worn)
 x - a +0 leather armour (worn)
Jewellery
 m - a ring of protection from magic (left hand)
 w - a ring of wizardry (right hand)
Scrolls
 b - a scroll of random uselessness {unknown}
 e - 2 scrolls of fog {unknown}
 j - 2 scrolls of identify {unknown}
 k - 3 scrolls of magic mapping {unknown}
 l - 2 scrolls of blinking {unknown}
 q - 2 scrolls of enchant armour {unknown}
 r - a scroll of remove curse {unknown}
 y - a scroll of enchant weapon {unknown}
Potions
 d - 2 potions of might
 i - a potion of cancellation {unknown}
 n - a potion of heal wounds {unknown}
 p - 2 potions of curing {unknown}
 s - a potion of haste {unknown}
 u - a potion of lignification {unknown}
 v - a potion of mutation {unknown}
 A - a potion of degeneration {unknown}
Books
 o - a book of Minor Magic

   Spells                             Type                      Level
   a - Magic Dart                     Conjuration                  1
   b - Blink                          Translocation                2
   c - Call Imp                       Summoning                    2
   d - Slow                           Hexes                        2
   e - Conjure Flame                  Conjuration/Fire             3
   f - Mephitic Cloud                 Conjuration/Poison/Air       3
Comestibles
 f - 2 bread rations
 g - 4 fruits
 h - a meat ration


   Skills:
 - Level 2.9 Fighting
 - Level 2.1 Short Blades
 - Level 2.6 Armour
 - Level 0.1 Dodging
 - Level 3.1 Shields
 + Level 2.8 Spellcasting
 + Level 3.2 Translocations


You had 7 spell levels left.
You knew the following spells:

 Your Spells              Type           Power        Failure   Level  Hunger
a - Blink                 Tloc           N/A          28%         2    ###....


Dungeon Overview and Level Annotations

Branches:
Dungeon (4/15)
 Temple: D:4-7

Altars:
Fedhas
Qazlal
Wu Jian

Annotations:
D:4 Treemains's ghost, amateur HOFi


Innate Abilities, Weirdness & Mutations

You have extremely sharp teeth.
Your natural rate of healing is unusually fast.
When hurt, damage is shared between your health and your magic reserves.
Your bite disrupts and absorbs the magic of your enemies.
Potions cannot restore your health.
You are immune to rotting.


Message History

The orc wizard falters for a moment.
The orc wizard completely misses you.
The orc wizard falters for a moment.
You see here a hand axe of chopping.
You hit the orc wizard but do no damage.
You drain the orc wizard!
You kill the orc wizard!
You are feeling hungry.
You hit the orc. You bite the orc. You drain its power.
You feel invigorated.
The orc is almost dead.
The orc hits you with a whip.
The orc priest invokes the aid of Beogh against you.
Beogh smites you! The orc hits you with a whip.
You puncture the orc!
You kill the orc!
The orc priest mumbles some strange prayers to Beogh against you.
Pain shoots through your body!
* * * LOW HITPOINT WARNING * * *
The orc priest mumbles some strange prayers to Beogh against you.
Beogh smites you!
You die...

#.....# #.....# #.....#
##....<#### ..........#
..........#
##...>....######
#...###........#####
#.#.###.######..@)o#
(.#.##..##########.....#
..........(... .....
....##.############ ##.#
..####.#..........# .
.......#..........##
......##...........###
......##.............###
......#######†######...#


You could see an orc priest.

Vanquished Creatures
  4 orc wizards
  3 dart slugs
  4 leopard geckos
  8 orcs
  2 giant cockroaches
  14 goblins
  7 hobgoblins
  11 kobolds
  A quokka (D:3)
  2 bats
  6 frilled lizards
  8 rats
70 creatures vanquished.

Notes
Turn   | Place    | Note
-------+----------+-------------------------------------------
     0 | D:1      | skyler the Vine Stalker Fighter began the quest for the Orb.
     0 | D:1      | Reached XP level 1. HP: 11/11 MP: 2/2
    70 | D:1      | Reached XP level 2. HP: 6/16 MP: 3/3
   768 | D:1      | Reached XP level 3. HP: 19/19 MP: 4/4
   982 | D:2      | Learned a level 2 spell: Blink
  1275 | D:2      | Reached skill level 1 in Translocations
  1671 | D:3      | Found a blossoming altar of Fedhas.
  1672 | D:3      | Found a stormy altar of Qazlal.
  1714 | D:3      | Gained mutation: Your natural rate of healing is unusually fast. [Vine Stalker growth]
  1714 | D:3      | Reached XP level 4. HP: 11/23 MP: 4/6
  1733 | D:3      | Reached skill level 1 in Spellcasting
  1786 | D:3      | Found an ornate altar of the Wu Jian Council.
  1968 | D:4      | Noticed Treemains's ghost (amateur HOFi)
  1983 | D:4      | Reached XP level 5. HP: 20/28 MP: 7/9
  2243 | D:3      | Killed from afar by an orc priest

Vault maps used:
D:1:      dpeg_arrival_ternary
D:2:      kennysheep_six_static_rooms
D:3:      grunt_temple_overflow_forces_of_nature, overflow_temple_1_default,
          minmay_surrounded
D:4:      serial_shops, nicolae_shop_stone, first_bread

Skill      XL: |  1  2  3  4  5 |
---------------+----------------+-----
Shields        | 3 |  3.1
Short Blades   | 2 |  2.1
Translocations | 1 2 3 |  3.2
Spellcasting   | 2 |  2.8
Fighting       | |  2.9
Armour         | |  2.6
Dodging        | |  0.1

Action                   |  1- 3 |  4- 6 || total
-------------------------+-------+-------++-------
Melee: Rapier            |    85 |       ||    85
       Bite              |    18 |    27 ||    45
       Short sword       |    21 |    67 ||    88
 Cast: Blink             |       |     1 ||     1
  Use: Scroll            |     1 |       ||     1
  Eat: Chunk             |     2 |     2 ||     4
Armor: Scale mail        |    29 |     6 ||    35
       Leather armour    |       |     8 ||     8
Dodge: Dodged            |    22 |    14 ||    36
Block: Shield            |    42 |    38 ||    80
